 Dungeon Sprint DCSS version 0.28-a0-410-gbef64dd269 (webtiles) character file.

Game seed: 2855059254682832817

9161 ugugthedestroyer the Severer (level 11, -3/114 HPs)
             Began as a Hill Orc Fighter on Sept 6, 2021.
             Was the Champion of Beogh.
             Succumbed to a ghost moth's poison
             ... in the Dungeon (Sprint VII: "The Pits").
             The game lasted 00:14:11 (2262 turns).

ugugthedestroyer the Severer (Hill Orc Fighter)     Turns: 2262, Time: 00:14:11

Health: -3/114     AC: 24    Str: 22 (23) XL:     11   Next: 42%
Magic:  0/12       EV:  8    Int:  6 (8)  God:    Beogh [******]
Gold:   0          SH:  7    Dex: 13      Spells: 10/10 levels left

rFire   . . .      SeeInvis .   p - +1 hand axe (vorpal)
rCold   . . .      Faith    .   c - +0 buckler
rNeg    . . .      Spirit   .   u - +3 plate armour
rPois   .          Reflect  .   t - +0 helmet
rElec   .          Harm     .   (no cloak)
rCorr   .          Rampage  .   (no gloves)
Will    .....      NoTele   +   (no boots)
Stlth   ..........              (no amulet)
HPRegen 0.29/turn               q - +3 ring of protection
MPRegen 0.13/turn               g - +3 ring of dexterity

@: lethally poisoned (-3 -> -79)
A: walk on water
a: Renounce Religion, Smiting, Recall Orcish Followers, Give Item to Named
Follower, Resurrection


You were in the Dungeon.
You worshipped Beogh.
Beogh was exalted by your worship.
You visited 1 branch

Inventory:

Hand Weapons
 a - a +1 vorpal broad axe
 b - a +0 club
 p - a +1 vorpal hand axe (weapon)
Armour
 c - a +0 buckler (worn)
 t - a +0 helmet (worn)
 u - a +3 plate armour (worn)
Jewellery
 g - a +3 ring of dexterity (right hand)
 q - a +3 ring of protection (left hand)
Scrolls
 j - a scroll of blinking
 m - 5 scrolls of amnesia
 n - a scroll of summoning
Potions
 d - a potion of attraction {unknown}
 e - 6 potions of curing
 f - 5 potions of heal wounds
 h - 4 potions of magic
 l - 2 potions of invisibility
 r - a potion of brilliance
 s - 2 potions of might


   Skills:
 + Level 16.2 Fighting
 + Level 17.3 Axes
 + Level 15.9 Armour
 - Level 2.1 Dodging
 - Level 2.0 Stealth
 + Level 12.9 Shields
 - Level 1.6 Invocations


You had 10 spell levels left.
You didn't know any spells.
Your spell library was empty.

Dungeon Overview and Level Annotations

Branches:
Dungeon (1/1)

Altars:
Ashenzari
Cheibriados
Dithmenos
Elyvilon
Fedhas
Gozag
Hepliaklqana
Kikubaaqudgha
Makhleb
Nemelex Xobeh
Okawaru
Qazlal
Ru
Sif Muna
Trog
Uskayaw
Vehumet
Wu Jian
Xom
Yredelemnul
Zin
The Shining One
Beogh
Jiyva
Lugonu


Message History

The centaur shoots an arrow.
You feel you are being watched by something.
You feel your power leaking away.
Something hits you but does no damage. x2; Something completely misses you.
Unknown command.
You completely miss something.
* * * LOW HITPOINT WARNING * * *
You feel very sick.
You feel you are being watched by something.
Something hits you.
* * * LOW HITPOINT WARNING * * *
You feel dopey. You block something's attack. x2
You miss something.
* * * LOW HITPOINT WARNING * * *
You feel very sick.
You hit something but do no damage.
* * * LOW HITPOINT WARNING * * *
You feel very sick.
You feel you are being watched by something.
Something hits you but does no damage. x2
Something stings you but does no damage.
You hit something.
* * * LOW HITPOINT WARNING * * *
You feel very sick. You block something's attack.
Something hits you but does no damage.
Something stings you but does no damage.
You hit something but do no damage.
* * * LOW HITPOINT WARNING * * *
You feel very sick. Something hits you but does no damage. Something hits you.
* * * LOW HITPOINT WARNING * * *
You feel dopey. Something stings you.
* * * LOW HITPOINT WARNING * * *
You are more poisoned.
Something poisons you!
Unknown command.
You hit something but do no damage.
You die...

#......# ##....)..##
##....## ####...###
##)'## ###..+...+ .
##..).###....##'## .#
#)....)#)...##...## ..#
#......'....+.....+ ...'
#...)..#)...##..)##.)..#
##....###....##)##hg)..#
##''## ###..'))@{oc#
##..†.## ####)).####
#......# #......)#
#......# #.........#
######## ###########


You could see a warg, a centaur, an orc and a goblin.

Vanquished Creatures
  A ghost moth (D)
  A boulder beetle (D)
  An anaconda (D)
  A sea snake (D)
  A spriggan druid (D)
  A swamp dragon (D)
  A phantasmal warrior (D)
  An elephant (D)
  A guardian serpent (D)
  A gargoyle (D)
  Psyche (D)
  A freezing wraith (D)
  A red devil (D)
  Sigmund (D)
  Grum (D)
  A steam dragon (D)
  2 floating eyes (D)
  2 orc warriors (D)
  An ice beast (D)
  3 wolves (D)
  A centaur (D)
  A bullfrog (D)
  2 scorpions (D)
  5 wights (D)
  A jelly (D)
  An orc priest (D)
  Ijyb (D)
  An iguana (D)
  2 orc wizards (D)
  2 orcs (D)
  A river rat (D)
  A ball python (D)
  An endoplasm (D)
  2 goblins (D)
  2 hobgoblins (D)
  A quokka (D)
  A frilled lizard (D)
  A jackal zombie (D)
  A rat (D)
52 creatures vanquished.

Vanquished Creatures (collateral kills)
  A phantasmal warrior (D)
  A polar bear (D)
  3 jumping spiders (D)
  2 basilisks (D)
  An acid dragon (D)
  An orc (D)
9 creatures vanquished.

Vanquished Creatures (others)
  An orc sorcerer (D)
  An orc wizard (D)
  An orc priest (D)
  8 orcs (D)
11 creatures vanquished.

Grand Total: 72 creatures vanquished

Notes
Turn   | Place    | Note
-------+----------+-------------------------------------------
     0 | D        | ugugthedestroyer the Hill Orc Fighter began the quest for
                  | the Orb.
     0 | D        | Reached XP level 1. HP: 19/19 MP: 1/1
    11 | D        | Noticed a floating eye
    16 | D        | Killed a floating eye
    17 | D        | Reached skill level 4 in Axes
    17 | D        | Reached XP level 2. HP: 34/34 MP: 2/2
    17 | D        | Reached XP level 3. HP: 39/39 MP: 3/3
    17 | D        | Reached XP level 4. HP: 47/47 MP: 4/4
    43 | D        | Found a bloodstained altar of Trog.
    43 | D        | Found a shimmering blue altar of Sif Muna.
    43 | D        | Found a viscous altar of Jiyva.
    43 | D        | Found a hazy altar of Hepliaklqana.
    43 | D        | Found an opulent altar of Gozag.
    44 | D        | Found a glowing golden altar of the Shining One.
    44 | D        | Found a glowing silver altar of Zin.
    44 | D        | Found a basalt altar of Yredelemnul.
    44 | D        | Found a shimmering altar of Xom.
    44 | D        | Found an ornate altar of the Wu Jian Council.
    44 | D        | Found a sacrificial altar of Ru.
    44 | D        | Found a stormy altar of Qazlal.
    44 | D        | Found an iron altar of Okawaru.
    44 | D        | Found a sparkling altar of Nemelex Xobeh.
    44 | D        | Found a burning altar of Makhleb.
    44 | D        | Found a blossoming altar of Fedhas.
    44 | D        | Found a white marble altar of Elyvilon.
    44 | D        | Found a shadowy altar of Dithmenos.
    44 | D        | Found a snail-covered altar of Cheibriados.
    46 | D        | Found a radiant altar of Vehumet.
    46 | D        | Found a corrupted altar of Lugonu.
    46 | D        | Found a roughly hewn altar of Beogh.
    48 | D        | Found an ancient bone altar of Kikubaaqudgha.
    48 | D        | Found a hide-covered altar of Uskayaw.
    48 | D        | Found a broken altar of Ashenzari.
    56 | D        | Became a worshipper of Beogh the Brigand
    96 | D        | Reached * piety under Beogh
   103 | D        | Noticed a floating eye
   105 | D        | Paralysed by a floating eye for 3 turns
   110 | D        | Killed a floating eye
   110 | D        | Reached ** piety under Beogh
   111 | D        | Reached skill level 5 in Axes
   111 | D        | Reached XP level 5. HP: 54/56 MP: 5/5
   203 | D        | Noticed Ijyb
   203 | D        | Noticed a wolf
   213 | D        | Reached XP level 6. HP: 59/62 MP: 6/6
   222 | D        | Reached skill level 6 in Axes
   225 | D        | Reached *** piety under Beogh
   233 | D        | Noticed Sigmund
   234 | D        | Killed Ijyb
   243 | D        | Reached skill level 10 in Fighting
   249 | D        | Killed Sigmund
   250 | D        | Reached skill level 7 in Axes
   250 | D        | Reached XP level 7. HP: 30/73 MP: 7/7
   256 | D        | Reached **** piety under Beogh
   257 | D        | Reached skill level 10 in Armour
   276 | D        | Reached skill level 8 in Axes
   280 | D        | Reached skill level 1 in Dodging
   447 | D        | Noticed a steam dragon
   458 | D        | Killed a steam dragon
   458 | D        | Reached ***** piety under Beogh
   459 | D        | Reached XP level 8. HP: 36/82 MP: 8/8
   725 | D        | Reached skill level 9 in Axes
   725 | D        | Reached skill level 10 in Shields
   868 | D        | Noticed a boulder beetle
   868 | D        | Noticed a red devil
   879 | D        | Killed a red devil
   880 | D        | Reached skill level 10 in Axes
   911 | D        | Killed a boulder beetle
   912 | D        | Reached skill level 11 in Axes
   912 | D        | Reached skill level 1 in Stealth
   912 | D        | Reached skill level 1 in Invocations
   912 | D        | Reached XP level 9. HP: 71/91 MP: 8/10
  1230 | D        | Reached skill level 12 in Axes
  1241 | D        | Reached ****** piety under Beogh
  1275 | D        | Reached skill level 13 in Axes
  1302 | D        | Noticed a gargoyle
  1302 | D        | Noticed a sea snake
  1318 | D        | Killed a sea snake
  1319 | D        | Reached skill level 14 in Axes
  1337 | D        | Killed a gargoyle
  1549 | D        | Noticed a phantasmal warrior
  1551 | D        | Noticed an elephant
  1564 | D        | Killed a phantasmal warrior
  1565 | D        | Reached XP level 10. HP: 101/101 MP: 11/11
  1566 | D        | Killed an elephant
  1567 | D        | Reached skill level 15 in Axes
  1628 | D        | Noticed a phantasmal warrior
  1628 | D        | Noticed Grum
  1641 | D        | Killed Grum
  1646 | D        | Killed a phantasmal warrior
  1940 | D        | Reached skill level 16 in Axes
  1990 | D        | Noticed a guardian serpent
  1990 | D        | Noticed a spriggan druid
  1990 | D        | Noticed Psyche
  2001 | D        | Noticed an anaconda
  2009 | D        | Killed a spriggan druid
  2009 | D        | Noticed a swamp dragon
  2012 | D        | Killed an anaconda
  2013 | D        | Reached skill level 15 in Fighting
  2013 | D        | Reached skill level 15 in Armour
  2013 | D        | Reached XP level 11. HP: 74/112 MP: 12/12
  2016 | D        | Killed Psyche
  2024 | D        | Killed a ghost moth
  2025 | D        | Reached skill level 17 in Axes
  2027 | D        | Killed a swamp dragon
  2262 | D        | Succumbed to a ghost moth's poison

Illustrated notes

Levels and vault maps discovered:
D:        pitsprint [storerooms_1, entrance_room_1, metal_vault_2, armoury_1,
          mini_pit_1, grid_room_1, main_hall_1, silver_pit, the_coven_1,
          the_vestibule_1, steel_vault_4, golden_pit, hallway_of_sentries,
          crystal_vault_2, iron_vault_4, final_vault]

Skill      XL: |  1  2  3  4  5  6  7  8  9 10 11 |
---------------+----------------------------------+-----
Fighting       | 7 8 10 11 12 13 15 16 | 16.2
Axes           | 4 5 7 8 11 14 16 17 | 17.3
Armour         | 6 7 8 9 10 12 13 15 | 15.9
Shields        | 6 7 9 10 11 12 | 12.9
Dodging        | 1 2 |  2.1
Stealth        | 1 2 |  2.0
Invocations    | 1 |  1.6

Action                   |  1- 3 |  4- 6 |  7- 9 | 10-12 || total
-------------------------+-------+-------+-------+-------++-------
Melee: War axe           |     4 |       |       |       ||     4
       Hand axe          |       |    45 |   157 |    84 ||   286
Invok: Smiting           |       |       |     1 |       ||     1
  Use: Potion            |       |     4 |     8 |     2 ||    14
 Stab: Confused          |       |       |     3 |     2 ||     5
       Distracted        |       |       |     1 |     2 ||     3
       Invisible         |       |       |       |     4 ||     4
Armor: Scale mail        |       |    13 |    21 |       ||    34
       Plate armour      |       |       |    39 |    88 ||   127
Dodge: Dodged            |       |    22 |    38 |    34 ||    94
Block: Buckler           |       |     6 |    24 |    42 ||    72

Table legend: (Time is in decaauts)
 A = Elapsed time spent in this place.
 B = Non-inter-level travel time spent in this place.
 C = Inter-level travel time spent in this place.
 D = Time resting spent in this place.
 E = Time spent auto-exploring this place.
 F = Levels seen in this place.
 G = Mean time per level.
                   A        B        C        D        E       F      G
               +--------+--------+--------+--------+--------+-----+--------+
         Total |   2211 |   2208 |      3 |      0 |      0 |   1 | 2211.0 |
       Dungeon |   2211 |   2208 |      3 |      0 |      0 |   1 | 2211.0 |
               +--------+--------+--------+--------+--------+-----+--------+

Top non-repeatable levels by time:
       D: 2211 daAuts
